 Dungeon Crawl Stone Soup version 0.20.1-1-g8b1a95d (webtiles) character file.

177 greenice the Slasher (level 5, -2/45 HPs)
             Began as a Minotaur Fighter on Aug 16, 2017.
             Slain by a gnoll
             ... wielding a +0 flail
              (7 damage)
             ... on level 3 of the Dungeon.
             The game lasted 00:04:19 (2035 turns).

greenice the Slasher (Minotaur Fighter)             Turns: 2035, Time: 00:04:20

Health: -2/45      AC:  6    Str: 26    XL:     5   Next: 30%
Magic:  4/4        EV:  7    Int:  5    God:
Gold:   137        SH: 10    Dex: 10    Spells: 4/4 levels left

rFire    . . .     SeeInvis .   a - +0 long sword
rCold    . . .     Gourm    .   c - +0 shield
rNeg     . . .     Faith    .   b - +0 scale mail
rPois    .         Spirit   .   (helmet restricted)
rElec    .         Reflect  .   (no cloak)
rCorr    .         Harm     .   (no gloves)
MR       .....                  (no boots)
Stlth    ..........             (no amulet)
Regen    0.2/turn               (no ring)
MPRegen  0.1/turn               (no ring)

@: mighty
A: retaliatory headbutt, horns 2
a: no special abilities


You were on level 3 of the Dungeon.
You were not hungry.

You visited 1 branch of the dungeon, and saw 3 of its levels.

You collected 137 gold pieces.

Inventory:

Hand Weapons
 a - a +0 long sword (weapon)
Armour
 b - a +0 scale mail (worn)
 c - a +0 shield (worn)
Jewellery
 j - a cursed -2 ring of evasion {unknown}
Scrolls
 e - 3 scrolls of enchant weapon {unknown}
 i - 2 scrolls of amnesia {unknown}
 m - 3 scrolls of teleportation {unknown}
 n - 2 scrolls of magic mapping {unknown}
 o - a scroll of remove curse {unknown}
Potions
 k - a potion of heal wounds {unknown}
 l - 2 potions of curing {unknown}
Comestibles
 f - 3 bread rations
 g - 3 chunks of flesh
 h - 2 royal jellies


   Skills:
 - Level 3.6 Fighting
 + Level 6.8 Long Blades
 - Level 3.6 Armour
 - Level 3.6 Shields


You had 4 spell levels left.
You didn't know any spells.

Dungeon Overview and Level Annotations

Branches:
Dungeon (3/15)

Altars:


Innate Abilities, Weirdness & Mutations

You reflexively headbutt those who attack you in melee.
You have a pair of horns on your head.


Message History

The gnoll hits you from afar with a halberd!
* * * LOW HITPOINT WARNING * * *
You block the gnoll's attack. You block the hound's attack.
You are too injured to fight recklessly!
You feel very mighty all of a sudden. The hound completely misses you.
You riposte.
You hit the hound but do no damage. You headbutt the hound!
The hound is almost dead.
The gnoll hits you from afar with a halberd.
* * * LOW HITPOINT WARNING * * *
The gnoll hits you with a flail.
* * * LOW HITPOINT WARNING * * *
Your shield and scale mail prevent you from hitting the gnoll.
You headbutt the gnoll!
The gnoll is almost dead.
The hound bites you.
* * * LOW HITPOINT WARNING * * *
The hound bites you but does no damage. The gnoll completely misses you.
The gnoll hits you with a flail!
You die...

.......^....##....##.##
.........>...###...)))##
........................
.....................###
...............#####...#
.............### ###..
#..........(.# ###
#.....h......#
......S@)....#
......g)..####
.......g..# ..........#
..........# #........##
##......## ########


You could see a hound, 2 gnolls and a ball python.

Vanquished Creatures
  An orc priest (D:3)
  An orc wizard (D:3)
  2 gnolls (D:3)
  3 adders
  4 worms
  3 dart slugs
  2 leopard geckos
  2 orcs (D:3)
  8 bats
  A giant cockroach (D:2)
  5 goblins
  5 hobgoblins
  3 jackals (D:2)
  4 kobolds
  A quokka (D:2)
  A ball python (D:1)
  9 frilled lizards
  4 rats
59 creatures vanquished.

Notes
Turn   | Place    | Note
-------+----------+-------------------------------------------
     0 | D:1      | greenice the Minotaur Fighter began the quest for the Orb.
     0 | D:1      | Reached XP level 1. HP: 19/19 MP: 0/0
    14 | D:1      | Reached skill level 3 in Long Blades
    23 | D:1      | Reached XP level 2. HP: 7/26 MP: 1/1
   369 | D:1      | Reached skill level 4 in Long Blades
   734 | D:2      | Reached XP level 3. HP: 29/31 MP: 2/2
  1222 | D:2      | Reached skill level 5 in Long Blades
  1501 | D:2      | Reached XP level 4. HP: 38/39 MP: 3/3
  1660 | D:3      | Reached skill level 6 in Long Blades
  1875 | D:3      | Reached XP level 5. HP: 45/45 MP: 4/4
  2035 | D:3      | Slain by a gnoll

Skill      XL: |  1  2  3  4 |
---------------+-------------+-----
Long Blades    | 3 4 5 6 |  6.8
Fighting       | |  3.6
Armour         | |  3.6
Shields        | |  3.6

Action                   |  1- 3 |  4- 6 || total
-------------------------+-------+-------++-------
Melee: Long sword        |   100 |    37 ||   137
       Headbutt          |    19 |     8 ||    27
  Use: Potion            |       |     1 ||     1
  Eat: Chunk             |     2 |     2 ||     4
Armor: Scale mail        |    36 |     9 ||    45
Dodge: Dodged            |    30 |    10 ||    40
Block: Shield            |    45 |    22 ||    67
       Rpst.: Long sword |     7 |     2 ||     9
